 Dungeon Crawl Stone Soup version 0.30-a0-852-g08b95dd62f (webtiles) character file.

Game seed: 18005690283975196884

4414 BubbleThief the Fighter (level 10, -5/80 (93) HPs)
             Began as a Demonspawn Necromancer on Mar 5, 2023.
             Was a Follower of Kikubaaqudgha.
             Slain by a wight
             ... wielding a +2 great sword
              (14 damage)
             ... on level 8 of the Dungeon.
             The game lasted 00:14:31 (7277 turns).

BubbleThief the Fighter (Demonspawn Necromancer)    Turns: 7277, Time: 00:14:31

HP:   -5/80 (93)    AC:  9    Str: 15    XL:     10   Next: 14%
MP:   14/14         EV: 12    Int: 19    God:    Kikubaaqudgha [*.....]
Gold: 428           SH:  0    Dex: 17    Spells: 7/15 levels left

rFire   . . .      SeeInvis .    E - +7 hand axe of Impatience {pain, rElec rCorr Dex+2}
rCold   . . .      Faith    .    (no shield)
rNeg    + . .      Spirit   .    f - +0 steam dragon scales
rPois   .          Reflect  .    k - +0 helmet
rElec   +          Rampage  .    (no cloak)
rCorr   +                        (no gloves)
Will    .....                    (no boots)
Stlth   +                        C - amulet of regeneration
HPRegen 1.13/turn                x - +6 ring of strength
MPRegen 0.14/turn                u - ring of positive energy

@: confused, heavily drained
A: molten scales 2, demonic guardian 2, condensation shield, weakness stinger 1
a: Renounce Religion, Unearth Wretches


You were on level 8 of the Dungeon.
You worshipped Kikubaaqudgha.
Kikubaaqudgha was aware of your devotion.
You visited 2 branches of the dungeon, and saw 9 of its levels.

You collected 428 gold pieces.

Inventory:

Hand Weapons
 n - a +2 short sword of draining
 B - a +3 short sword of venom
 E - the +7 hand axe of Impatience (weapon) {pain, rElec rCorr Dex+2}
   (You found it on level 4 of the Dungeon)

   Dex:       It affects your dexterity (+2).
   rElec:     It insulates you from electricity.
   rCorr:     It protects you from acid and corrosion.
Armour
 f - +0 steam dragon scales (worn)
 k - a +0 helmet (worn)
Magical Staves
 d - a staff of death
Jewellery
 s - a ring of see invisible
 u - a ring of positive energy (right hand)
 x - a +6 ring of strength (left hand)
 C - an amulet of regeneration (around neck)
Wands
 F - a wand of flame (3)
Scrolls
 g - 3 scrolls of magic mapping {unknown}
 i - 3 scrolls of immolation {unknown}
 j - 4 scrolls of teleportation {unknown}
 o - a scroll of acquirement {unknown}
 r - 3 scrolls of amnesia {unknown}
 t - 3 scrolls of poison {unknown}
 v - 3 scrolls of fog {unknown}
 w - a scroll of torment {unknown}
 y - 4 scrolls of identify {unknown}
 G - a scroll of blinking {unknown}
 H - a scroll of noise {unknown}
 J - a scroll of fear {unknown}
Potions
 b - a potion of magic
 c - a potion of resistance {unknown}
 e - a potion of cancellation {unknown}
 h - 4 potions of berserk rage {unknown}
 l - 5 potions of ambrosia {unknown}
 m - 2 potions of mutation {unknown}
 p - 2 potions of might {unknown}
 q - a potion of degeneration {unknown}
 z - a potion of attraction {unknown}
 A - 4 potions of lignification {unknown}
 D - a potion of invisibility {unknown}
 I - a potion of curing {unknown}


   Skills:
 + Level 13.7 Fighting
 - Level 1.7 Dodging
 - Level 1.7 Stealth
 - Level 3.0 Spellcasting
 - Level 6.6 Necromancy


You had 7 spell levels left.
You knew the following spells:

 Your Spells              Type           Power      Damage    Failure   Level
a - Necrotise             Necr           100%       1d9       1%          1
b - Vampiric Draining     Necr           28%        2d8       3%          3
c - Animate Dead          Necr           28%        N/A       10%         4

Your spell library contained the following spells:

 Spells                   Type           Power      Damage    Failure   Level
 Sublimation of Blood     Necr           28%        N/A       1%          2
 Kiss of Death            Conj/Necr      60%        2d10      4%          1
 Cigotuvi's Dreadful Rot  Necr/Pois/Air  22%        N/A       10%         2
 Shock                    Conj/Air       8%         1d3       16%         1
 Agony                    Necr           28%        N/A       28%         5
 Swiftness                Air            2%         N/A       41%         3
 Airstrike                Air            1%         2d(1-17)  83%         4


Dungeon Overview and Level Annotations

Branches:
Dungeon (8/15)             Temple (1/1) D:7
   Lair: D:8-11

Altars:
Ashenzari
Cheibriados
Fedhas
Gozag
Kikubaaqudgha
Makhleb
Nemelex Xobeh
Okawaru
Qazlal
Ru
Sif Muna
Trog
Uskayaw
Vehumet
Wu Jian
Xom
Yredelemnul


Innate Abilities, Weirdness & Mutations

You are mostly covered in molten scales. (AC +3)
A demonic guardian rushes to your aid.
A meltable shield of frost defends you. (SH +4)
You have a small tail.


Message History

An orc comes into view. It is wielding a +0 flail.
The orc wizard casts a spell.
The orc wizard flickers and vanishes!
Deactivating autopickup; reactivate with Ctrl-A.
The wight hits you with a +2 great sword!
The wight completely misses you.
The orc shouts!
You completely miss the wight.
The wight is moderately damaged.
You hit the wight. x2; The wight hits you with a +3 war axe!
You partially resist.
You feel drained.
The wight hits you with a +2 great sword!
You partially resist.
You feel drained. The wight hits you with a +3 falchion.
A demonic guardian appears!
You partially resist.
You feel drained. The wight attacks as you move away!
You block the wight's attack.
The wight hits your orange demon with a +3 war axe.
An orc comes into view. It is wielding a +0 club.
You hear some strange, mumbled words.
You are confused.
Your orange demon stings the wight from afar.
You bump into the rock wall.
Your orange demon stings the wight.
Your orange demon hits the wight.
The wight is destroyed!
Kikubaaqudgha accepts your kill.
Unknown command.
Okay, then.
You barely miss the wight.
The wight is moderately damaged.
You closely miss the wight.
The wight hits you with a +2 great sword!
* * * LOW HITPOINT WARNING * * *
You partially resist.
You feel drained.
* * * LOW HITPOINT WARNING * * *
The wight hits you with a +3 falchion!
* * * LOW HITPOINT WARNING * * *
You partially resist.
You feel drained.
You bump into the rock wall.
The wight hits you with a +2 great sword!
You die...
Kikubaaqudgha rasps: "You have failed me!
Welcome... death!"

#######...## #...#
...........#######≈≈≈#
##.#####........##.>)#
##ZZ..)).##..##########
..)..........)........#
##############...###.#. .
...............)...#.#..#
Z...................o....
.###############@z.#.#..#
.# ##z.o....# .#
#...4)#.##.# .# #.....#.#
# ## #.....# # #####..
##. . .


You could see 2 wights, 2 orcs and a friendly orange demon (summoned).

Vanquished Creatures
  A kobold demonologist (D:7)
  2 steam dragons (D:6)
  An ice beast (D:7)
  2 black bears (D:5)
  An orc warrior (D:8)
  A sky beast (D:7)
  2 ogres (D:5)
  A centaur (D:8)
  3 kobold brigands
  3 phantoms
  7 bullfrogs
  3 scorpions
  11 wights
  A howler monkey (D:5)
  3 hounds
  3 orc priests
  A jelly (D:6)
  3 iguanas (D:5)
  A sleepcap (D:7)
  11 orc wizards
  6 adders
  2 gnolls (D:7)
  A shadow imp (D:7)
  A white imp (D:7)
  A worm (D:3)
  5 dart slugs
  25 orcs
  7 ball pythons
  5 endoplasms
  2 giant cockroaches (D:1)
  7 goblins
  8 hobgoblins
  4 quokkas
  5 bats
  3 frilled lizards
  14 kobolds
  6 rats
163 creatures vanquished.

Vanquished Creatures (collateral kills)
  A wyvern (D:7)
  An orc warrior (D:8)
  A gnoll sergeant (D:7)
  A scorpion (D:6)
  4 wights
  3 orc priests
  A sleepcap (D:6)
  2 orc wizards (D:6)
  A gnoll (D:7)
  An ufetubus (D:4)
  An endoplasm (D:3)
  A goblin (D:2)
  A hobgoblin (D:2)
19 creatures vanquished.

Vanquished Creatures (others)
  A scorpion zombie (D:6)
  7 orc zombies
  5 kobold zombies (D:7)
13 creatures vanquished.

Grand Total: 195 creatures vanquished

Notes
Turn   | Place    | Note
-------+----------+-------------------------------------------
     0 | D:1      | BubbleThief the Demonspawn Necromancer began the quest for
                  | the Orb.
     0 | D:1      | Reached XP level 1. HP: 13/13 MP: 3/3
   364 | D:1      | Gained mutation: A weak demonic guardian rushes to your
                  | aid. [demonic ancestry]
   364 | D:1      | Reached XP level 2. HP: 19/19 MP: 3/5
  1087 | D:2      | Reached skill level 1 in Fighting
  1087 | D:2      | Reached skill level 5 in Necromancy
  1087 | D:2      | Gained mutation: You have a small tail. [demonic ancestry]
  1087 | D:2      | Reached XP level 3. HP: 23/26 MP: 6/6
  1542 | D:2      | Gained mutation: You are partially covered in molten
                  | scales. (AC +2) [demonic ancestry]
  1542 | D:2      | Reached XP level 4. HP: 31/32 MP: 8/8
  1753 | D:3      | Found an iron altar of Okawaru.
  2185 | D:3      | Found a snail-covered altar of Cheibriados.
  2626 | D:3      | Learned a level 3 spell: Vampiric Draining
  2701 | D:4      | Noticed a phantom
  2866 | D:4      | Gained mutation: You are mostly covered in molten scales.
                  | (AC +3) [demonic ancestry]
  2866 | D:4      | Reached XP level 5. HP: 29/38 MP: 3/9
  2875 | D:4      | Reached skill level 2 in Fighting
  3287 | D:4      | Found a hide-covered altar of Uskayaw.
  3441 | D:4      | Killed a phantom
  3442 | D:4      | Reached skill level 3 in Fighting
  3442 | D:4      | Gained mutation: A meltable shield of frost defends you.
                  | (SH +4) [demonic ancestry]
  3442 | D:4      | Reached XP level 6. HP: 39/47 MP: 10/10
  3634 | D:4      | Identified the +7 hand axe of Impatience {pain, rElec rCorr
                  | Dex+2}
  3674 | D:4      | Reached skill level 4 in Fighting
  3870 | D:5      | Entered Level 5 of the Dungeon
  4082 | D:5      | Reached skill level 5 in Fighting
  4082 | D:5      | Gained mutation: A demonic guardian rushes to your aid.
                  | [demonic ancestry]
  4082 | D:5      | Reached XP level 7. HP: 56/56 MP: 11/11
  4129 | D:5      | Reached skill level 6 in Fighting
  4324 | D:5      | Reached skill level 7 in Fighting
  4487 | D:5      | Reached XP level 8. HP: 53/67 MP: 12/12
  4492 | D:5      | Learned a level 4 spell: Animate Dead
  4610 | D:5      | Reached skill level 8 in Fighting
  4819 | D:6      | Reached skill level 9 in Fighting
  5055 | D:6      | Reached skill level 10 in Fighting
  5212 | D:6      | Reached XP level 9. HP: 79/79 MP: 13/13
  5583 | D:7      | Reached skill level 11 in Fighting
  5648 | D:7      | Found a blossoming altar of Fedhas.
  5798 | D:7      | Found a staircase to the Ecumenical Temple.
  5807 | Temple   | Entered the Ecumenical Temple
  5814 | Temple   | Became a worshipper of Kikubaaqudgha
  5858 | D:7      | Noticed a kobold demonologist
  5870 | D:7      | Noticed a rust devil
  5875 | D:7      | Reached skill level 12 in Fighting
  5879 | D:7      | Noticed a rust devil
  5880 | D:7      | Killed a kobold demonologist
  6140 | D:7      | Reached skill level 13 in Fighting
  6714 | D:8      | Reached * piety under Kikubaaqudgha
  6714 | D:8      | Received a gift from Kikubaaqudgha
  6894 | D:8      | Reached XP level 10. HP: 69/92 MP: 10/14
  7117 | D:8      | Found a shimmering blue altar of Sif Muna.
  7277 | D:8      | Slain by a wight

Illustrated notes

Levels and vault maps discovered:
D:1:      dpeg_arrival_circle_labyrinth_c, layout_loops_ring
D:2:      layout_loops_ring, chequers_serial_rivers_room_b,
          kennysheep_generic_room_4
D:3:      layout_rooms, okawaru_metal_pillars_1_2, mainiacjoe_overflow_alcove_4,
          mainiacjoe_overflow_paths, glass_columns_a, minmay_stone_trees_medium
D:4:      layout_gridville, nicolae_uskayaw_murder_on_the_dancefloor
D:5:      layout_basic, st_stairs_10
D:6:      nicolae_cairo_tiling, layout_loops_ring
D:7:      cheibrodos_quashed, layout_basic, zin_scriptorium,
          mainiacjoe_overflow_chevrons, temple_doors_e
D:8:      layout_basic, led_sif_book, skrybe_limestone_x
Temple:   nicolae_temple_no_exploring_needed

Skill      XL: |  1  2  3  4  5  6  7  8  9 |
---------------+----------------------------+-----
Fighting       | 1 3 5 7 10 13 | 13.7
Necromancy     | 5 6 |  6.6
Spellcasting   | 3 |  3.0
Dodging        | |  1.7
Stealth        | |  1.7

Action                     |  1- 3 |  4- 6 |  7- 9 | 10-12 || total
---------------------------+-------+-------+-------+-------++-------
  Melee: Short sword       |    41 |    45 |       |       ||    86
         Tailslap          |     2 |     7 |    34 |     2 ||    45
         Hand axe          |       |    24 |   254 |    25 ||   303
         Punch             |       |     2 |     4 |       ||     6
   Cast: Necrotise         |    13 |    93 |    26 |     7 ||   139
         Vampiric Draining |       |     3 |     4 |     2 ||     9
         Animate Dead      |       |       |     5 |       ||     5
  Evoke: Wand              |       |       |     4 |       ||     4
    Use: Scroll            |       |       |     1 |       ||     1
   Stab: Sleeping          |     4 |     1 |     6 |       ||    11
         Distracted        |       |       |     1 |       ||     1
 Armour: Robe              |     9 |    43 |    27 |       ||    79
         Steam dragon scal |       |       |    61 |     8 ||    69
  Dodge: Dodged            |    26 |    86 |   167 |    21 ||   300
  Block: Other             |       |     3 |    36 |     6 ||    45

Table legend: (Time is in decaauts)
 A = Elapsed time spent in this place.
 B = Non-inter-level travel time spent in this place.
 C = Inter-level travel time spent in this place.
 D = Time resting spent in this place.
 E = Time spent auto-exploring this place.
 F = Levels seen in this place.
 G = Mean time per level.
                   A        B        C        D        E       F      G
               +--------+--------+--------+--------+--------+-----+--------+
         Total |   7363 |   7028 |    335 |      0 |   5594 |   9 |  818.1 |
       Dungeon |   7348 |   7019 |    329 |      0 |   5594 |   8 |  918.5 |
        Temple |     14 |      8 |      6 |      0 |      0 |   1 |   14.0 |
               +--------+--------+--------+--------+--------+-----+--------+

Top non-repeatable levels by time:
     D:4: 1199 daAuts
     D:7: 1131 daAuts
     D:1: 1004 daAuts
     D:3: 880 daAuts
     D:5: 859 daAuts
     D:6: 846 daAuts
     D:2: 785 daAuts
     D:8: 642 daAuts
  Temple: 14 daAuts
